 Dungeon Crawl Stone Soup version 0.18.1-47-g9310371 (webtiles) character file.

106360 rjaguar3 the Bludgeoner (level 15, -3/139 HPs)
             Began as a Minotaur Berserker on June 17, 2016.
             Was a High Priest of Trog.
             Drowned by a drowned soul (13 damage)
             ... summoned by a merfolk avatar
             ... on level 2 of the Shoals on June 19, 2016.
             The game lasted 03:30:59 (34641 turns).

rjaguar3 the Bludgeoner (Minotaur Berserker)       Turns: 34641, Time: 03:31:00

Health: -3/139     AC: 14    Str: 22    XL:     15   Next: 97%
Magic:  17/17      EV: 28    Int:  4    God:    Trog [*****.]
Gold:   1675       SH: 11    Dex: 21    Spells: 0 memorised, 14 levels left

rFire  . . .     SeeInvis .     O - +9 flail (protect)
rCold  . . .     Gourm    .     Q - +2 robe {MR+}
rNeg   . . .     Faith    .     C - +1 buckler
rPois  .         Spirit   .     W - +2 hat
rElec  .         Dismiss  .     (no cloak)
rCorr  .         Reflect  +     v - +0 pair of gloves
SustAt .         Harm     .     (no boots)
MR     ++...                    P - +3 amulet of reflection
Stlth  ++++......               w - +5 ring of dexterity
                                B - +2 ring of protection

@: exhausted, very slightly contaminated, slowed, very slow, very resistant to
hostile enchantments, stealthy
A: retaliatory headbutt, horns 2
a: Berserk, Trog's Hand, Brothers in Arms, Burn Spellbooks, Renounce Religion


You were on level 2 of the Shoals.
You worshipped Trog.
Trog was extremely pleased with you.
You were hungry.

You visited 5 branches of the dungeon, and saw 28 of its levels.

You collected 2329 gold pieces.
You spent 654 gold pieces at shops.

Inventory:

Hand Weapons
 p - a +3 greatsling of flaming
 y - a +1 arbalest of freezing
 O - a +9 flail of protection (weapon)
 U - a +2 short sword of flaming
Missiles
 b - 5 javelins of returning
 k - 783 stones
 o - 43 tomahawks (quivered)
 q - 271 sling bullets
Armour
 v - a +0 pair of gloves (worn)
 C - a +1 buckler (worn)
 Q - a +2 robe of magic resistance (worn)
 W - a +2 hat (worn)
Jewellery
 r - an uncursed ring of protection from cold
 w - a +5 ring of dexterity (right hand)
 B - a +2 ring of protection (left hand)
 P - a +3 amulet of reflection (around neck)
 V - an uncursed ring of protection from magic
Wands
 m - a wand of slowing (16/48)
 x - a wand of confusion (27/48)
 z - a wand of digging (21/24)
 G - a wand of digging (13/24)
 I - a wand of lightning (0/15)
 L - a wand of iceblast (7/15)
 M - a wand of disintegration (7/24)
 R - a wand of flame (13/48)
 Y - a wand of confusion (15/48)
Scrolls
 d - 4 scrolls of blinking
 f - a scroll of summoning {unknown}
 i - 6 scrolls of magic mapping
 j - 6 scrolls of remove curse
 D - a scroll of enchant weapon
 K - a scroll of enchant armour
 N - a scroll of recharging
 S - 6 scrolls of teleportation
 X - 2 scrolls of holy word
 Z - 2 scrolls of fear
Potions
 a - 3 potions of invisibility
 e - 4 potions of might
 g - 5 potions of flight
 h - 5 potions of heal wounds
 n - 4 potions of curing
 s - a potion of resistance
 J - 2 potions of cancellation
 T - 2 potions of agility
Books
 t - a book of Ice

   Spells                             Type                      Level
   a - Ice Form                       Ice/Transmutation            4
   b - Metabolic Englaciation         Hexes/Ice                    5
   c - Ozocubu's Refrigeration        Ice                          6
   d - Bolt of Cold                   Conjuration/Ice              6
   e - Freezing Cloud                 Conjuration/Ice/Air          6
   f - Simulacrum                     Ice/Necromancy               6
   Trog disapproves of the use of such an item.
Comestibles
 c - 9 bread rations
 l - 2 beef jerkies
 u - 3 royal jellies
 A - 15 fruits
 E - a chunk of flesh
 F - 13 slices of pizza
 H - 11 meat rations


   Skills:
 + Level 14.7 Fighting
   Level 0.2(11.4) Axes
 + Level 17.0 Maces & Flails
 + Level 6.3(6.8) Slings
 + Level 3.5(5.1) Throwing
 + Level 7.2 Armour
 + Level 16.1 Dodging
 * Level 8.0 Stealth
 + Level 10.2 Shields
 * Level 4.1 Evocations


You had 14 spell levels left.
You didn't know any spells.

Dungeon Overview and Level Annotations

Branches:
Dungeon (15/15)            Temple (0/1) D:4            Lair (8/8) D:9
 Shoals (2/4) Lair:3        Snake (0/4) Lair:3        Slime (0/6) Lair:6
    Orc (2/2) D:11            Elf (1/3) Orc:2        Vaults (0/5) D:14
 Depths (0/5) D:15

Altars:
Ashenzari
Cheibriados
Elyvilon
Fedhas
Makhleb
Nemelex Xobeh
Qazlal
Sif Muna
Vehumet
Yredelemnul
Jiyva

Shops:
Orc:2 %??[

Annotations:
D:5 exclusion: sky beast
Lair:2 exclusion: oklob plant
Lair:4 exclusion: electric eel
Shoals:2 Jorgrun, Nikola, Roxanne
Elf:1 Aizul


Innate Abilities, Weirdness & Mutations

You reflexively headbutt those who attack you in melee.
You have a pair of horns on your head.


Message History

You resist with almost no effort.
The merfolk starts to cry.
Your ogre hits the merfolk avatar with a giant spiked club.
You continue eating.
Shadowy forms rise from the deep at the merfolk avatar's song!
Your ogre barely misses the merfolk avatar.
The merfolk avatar chants a haunting song.
You easily resist.
Your ogre closely misses the merfolk avatar. x2
The merfolk avatar chants a haunting song.
You easily resist.
Your ogre barely misses the merfolk avatar.
The merfolk avatar chants a haunting song.
You resist with almost no effort.
The merfolk avatar chants a haunting song.
You resist with some effort.
You hear a grinding noise.
Your ogre rages. x2
The drowned soul touches you. The drowned soul drowns you!
You die...

≈≈≈≈≈≈≈≈≈≈≈≈≈≈≈≈≈≈≈≈≈≈
≈....≈≈≈≈≈≈≈≈≈≈≈≈≈≈≈≈≈
...$≈≈≈≈≈≈≈m≈≈≈≈≈≈≈≈≈ ≈
#..≈≈.m.≈≈O≈≈≈≈≈≈≈≈ ≈.
##...W.(..≈≈≈≈≈..≈≈
≈..###....###...≈≈≈.≈≈≈≈
≈≈..$...O## ##.≈≈≈†≈†...
≈≈≈......# ##.≈≈.†.≈...
≈≈≈≈≈..@## #.(...(.####
≈≈≈≈≈.### ##...(≈.## #
≈≈≈≈≈. #..≈....# #
≈≈≈≈≈.## #.....#######
≈≈≈≈≈≈..####....## #...
≈≈≈≈≈≈.......≈..# ##.≈.
≈ ≈≈≈≈.......≈..# #....
≈≈≈≈≈.≈≈≈≈...## ##..≈
≈≈≈≈≈≈≈≈≈≈...(# #...P


You could see a merfolk avatar, a drowned soul and a friendly ogre (berserk).

Vanquished Creatures
  Polyphemus (Shoals:2)
  Maud (Orc:1)
  Nessos (D:14)
  3 dire elephants (Lair:8)
  An ettin (Orc:2)
  Snorg (Lair:3)
  An ogre mage (Orc:1)
  2 merfolk impalers (Shoals:2)
  The ghost of simples the Fencer, a journeyman MiFi of Qazlal (D:14)
  The ghost of Malvoorn the Grappler, a novice TrMo (D:10)
  Fannar (D:10)
  6 hydras
  An alligator snapping turtle (Shoals:1)
  2 catoblepae
  An anaconda (Lair:8)
  2 centaur warriors
  A merfolk aquamancer (Shoals:1)
  4 orc high priests (Orc:2)
  A tengu warrior (D:14)
  2 death yaks (Shoals:2)
  Sonja (Lair:4)
  7 sea snakes
  A wizard (D:14)
  A lindwurm (shapeshifter) (D:13)
  A deep elf mage (D:14)
  A wolf spider zombie (D:14)
  3 hill giants
  4 harpies
  2 ugly things
  A cyclops (D:14)
  5 griffons
  3 orc sorcerers
  9 orc knights
  8 manticores
  9 elephants
  2 sirens (Shoals:1)
  11 black mambas
  A centaur zombie (D:13)
  Psyche (D:10)
  2 water nymphs (Shoals:1)
  3 gargoyles
  11 spiny frogs
  5 centaur skeletons
  A tengu conjurer (D:14)
  A rime drake (Lair:5)
  7 komodo dragons
  10 trolls
  Prince Ribbit (D:5)
  7 merfolk
  2 two-headed ogres (D:14)
  3 slime creatures (D:14)
  19 blink frogs
  A blink frog (shapeshifter) (D:13)
  7 snapping turtles
  6 spriggans (D:7)
  51 yaks
  2 wyverns
  A shadow (D:14)
  4 water elementals (Shoals:1)
  A wraith (D:12)
  A fire elemental (Orc:2)
  A hungry ghost (D:7)
  5 basilisks
  A human (D:8)
  10 hippogriffs
  Menkaure (D:4)
  Edmund (D:4)
  15 water moccasins
  3 wargs
  34 orc warriors
  10 porcupines
  3 black bears
  2 ice beasts
  2 sky beasts
  2 eyes of draining
  3 phantoms
  2 wasps (D:12)
  2 necrophages
  29 wolves
  16 ogres
  25 centaurs
  15 crocodiles
  3 big kobolds
  Blork the orc (D:6)
  21 giant frogs
  7 gnoll sergeants
  A wyvern zombie (D:11)
  A wyvern skeleton (D:10)
  2 scorpions
  10 wights
  7 howler monkeys
  An electric eel (Lair:7)
  6 crimson imps
  2 giant frog zombies
  3 quasits
  27 orc priests
  4 hounds
  5 jellies
  15 two-headed ogre zombies (Orc:1)
  2 giant frog skeletons
  9 iguanas
  12 worker ants
  19 orc wizards
  2 hell rats (Lair:5)
  16 sheep
  A hound zombie (D:10)
  6 gnolls
  A worker ant zombie (D:6)
  15 adders
  80 river rats
  2 shadow imps (D:10)
  4 oozes
  2 adder zombies
  An adder skeleton (D:7)
  3 worms
  2 dart slugs
  4 giant geckos
  75 orcs
  4 ball pythons
  5 giant cockroaches
  10 goblins
  8 hobgoblins
  13 jackals
  10 kobolds
  6 quokkas
  A ball python skeleton (D:4)
  8 bats
  A giant gecko skeleton (D:5)
  A giant gecko zombie (D:5)
  3 giant newts
  A quokka zombie (D:5)
  5 rats
  4 fungi
  3 plants
888 creatures vanquished.

Vanquished Creatures (collateral kills)
  3 dire elephants (Lair:8)
  An orc high priest (Orc:2)
  An orc knight (Orc:2)
  4 orc warriors (Orc:2)
  2 ogres (Orc:2)
  4 orc priests (Orc:2)
  An orc (Orc:2)
16 creatures vanquished.

Vanquished Creatures (others)
  A cyclops (Shoals:1)
  A centaur (Shoals:1)
  3 bushes (D:14)
  18 fungi
  10 plants
  4 tentacles (Shoals:2)
  159 tentacle segments (Shoals:2)
196 creatures vanquished.

Grand Total: 1100 creatures vanquished

Notes
Turn   | Place    | Note
--------------------------------------------------------------
     0 | D:1      | rjaguar3 the Minotaur Berserker began the quest for the Orb.
     0 | D:1      | Reached XP level 1. HP: 19/19 MP: 0/0
   390 | D:1      | Reached XP level 2. HP: 23/27 MP: 1/1
   394 | D:1      | Reached skill level 4 in Maces & Flails
  1251 | D:2      | Reached XP level 3. HP: 33/33 MP: 2/2
  1364 | D:2      | Reached ** piety under Trog
  1765 | D:3      | Reached XP level 4. HP: 33/41 MP: 3/3
  2118 | D:3      | Found a shattered altar of Ashenzari.
  2825 | D:3      | Reached skill level 1 in Slings
  3033 | D:4      | Noticed an ogre
  3045 | D:4      | Killed an ogre
  3045 | D:4      | Reached XP level 5. HP: 45/47 MP: 4/4
  3155 | D:4      | Reached skill level 5 in Maces & Flails
  3307 | D:4      | Noticed Edmund
  3318 | D:4      | Killed Edmund
  3318 | D:4      | Reached skill level 5 in Fighting
  3318 | D:4      | Reached skill level 1 in Stealth
  3318 | D:4      | Reached XP level 6. HP: 56/56 MP: 5/5
  3617 | D:4      | You fall through a shaft for 2 floors!
  3641 | D:5      | Entered Level 5 of the Dungeon
  3668 | D:5      | Noticed a sky beast
  3780 | D:6      | Noticed Blork the orc
  3789 | D:6      | Killed Blork the orc
  3789 | D:6      | Reached XP level 7. HP: 61/61 MP: 6/6
  3830 | D:6      | Reached skill level 5 in Dodging
  4055 | D:6      | Found a deep blue altar of Sif Muna.
  4057 | D:6      | Found a burning altar of Makhleb.
  4058 | D:6      | Found a basalt altar of Yredelemnul.
  4058 | D:6      | Found a sparkling altar of Nemelex Xobeh.
  4074 | D:6      | Reached *** piety under Trog
  4211 | D:5      | Reached skill level 6 in Maces & Flails
  4266 | D:5      | Found a stormy altar of Qazlal.
  4602 | D:5      | Noticed Prince Ribbit
  4627 | D:5      | Reached XP level 8. HP: 70/70 MP: 7/7
  4873 | D:4      | Noticed Menkaure
  4879 | D:4      | Killed Menkaure
  5183 | D:4      | Reached skill level 7 in Maces & Flails
  5248 | D:4      | Found a staircase to the Ecumenical Temple.
  5340 | D:5      | Killed Prince Ribbit
  5938 | D:6      | Reached skill level 5 in Armour
  5938 | D:6      | Reached XP level 9. HP: 80/80 MP: 8/8
  6097 | D:6      | Found a snail-covered altar of Cheibriados.
  6317 | D:7      | Reached **** piety under Trog
  6343 | D:7      | Reached skill level 8 in Maces & Flails
  6744 | D:7      | Reached skill level 1 in Shields
  7132 | D:7      | Found a white marble altar of Elyvilon.
  7294 | D:8      | Reached skill level 9 in Maces & Flails
  7316 | D:8      | Reached XP level 10. HP: 89/89 MP: 9/9
  7441 | D:8      | Found a radiant altar of Vehumet.
  7558 | D:8      | Noticed a manticore
  7572 | D:8      | Killed a manticore
  7913 | D:8      | You fall through a shaft for 3 floors!
  7919 | D:10     | Entered Level 10 of the Dungeon
  7955 | D:10     | Noticed Malvoorn's ghost (novice TrMo)
  8175 | D:10     | Noticed Fannar
  8229 | D:10     | Killed Fannar
  8229 | D:10     | Reached skill level 10 in Maces & Flails
  8483 | D:11     | Found a staircase to the Orcish Mines.
  9180 | D:12     | Noticed a manticore
  9205 | D:12     | Killed a manticore
  9205 | D:12     | Reached skill level 10 in Dodging
  9568 | D:11     | Reached skill level 1 in Throwing
  9936 | D:10     | Reached XP level 11. HP: 99/99 MP: 10/10
 10032 | D:10     | Noticed a hill giant
 10067 | D:10     | Got a fabulously ornate robe
 10074 | D:10     | Noticed Psyche
 10082 | D:10     | Killed Psyche
 10082 | D:10     | Reached skill level 10 in Fighting
 10288 | D:9      | Found a staircase to the Lair.
 11047 | D:9      | Found a radiant altar of Vehumet.
 11140 | D:9      | Reached ***** piety under Trog
 11800 | Lair:1   | Entered Level 1 of the Lair of Beasts
 12192 | Lair:1   | Reached skill level 11 in Maces & Flails
 12256 | Lair:1   | Reached skill level 5 in Shields
 12956 | Lair:1   | Received a gift from Trog
 13968 | Lair:2   | Reached XP level 12. HP: 108/110 MP: 3/11
 13984 | Lair:2   | Found a blossoming altar of Fedhas.
 14091 | Lair:2   | Reached skill level 12 in Maces & Flails
 14156 | Lair:2   | Received a gift from Trog
 14223 | Lair:2   | Reached skill level 5 in Stealth
 14298 | Lair:2   | Noticed a five-headed hydra
 14310 | Lair:2   | Killed a five-headed hydra
 14979 | Lair:3   | Found a staircase to the Snake Pit.
 15450 | Lair:3   | Noticed Snorg
 15470 | Lair:3   | Killed Snorg
 15470 | Lair:3   | Reached skill level 13 in Maces & Flails
 15632 | Lair:3   | Found a staircase to the Shoals.
 17111 | Lair:4   | Identified the Handbook of Unholy Arts and Earth
 17174 | Lair:4   | Reached XP level 13. HP: 119/119 MP: 4/12
 17464 | Lair:4   | Noticed Sonja
 17470 | Lair:4   | Killed Sonja
 17726 | Lair:4   | Received a gift from Trog
 17970 | Lair:5   | Reached ****** piety under Trog
 18541 | Lair:5   | Reached skill level 14 in Maces & Flails
 18683 | Lair:5   | Received a gift from Trog
 19483 | Lair:6   | Found a runed door.
 19484 | Lair:6   | Found a viscous altar of Jiyva.
 19644 | Lair:6   | Found a staircase to the Slime Pits.
 20510 | Lair:8   | Entered Level 8 of the Lair of Beasts
 20955 | Lair:8   | Received a gift from Trog
 21439 | Lair:8   | Reached skill level 5 in Slings
 21926 | Lair:8   | Noticed a dire elephant
 21926 | Lair:8   | Noticed a dire elephant
 21930 | Lair:8   | Noticed a dire elephant
 21988 | Lair:8   | Noticed a dire elephant
 21998 | Lair:8   | Killed a dire elephant
 22003 | Lair:8   | Noticed a dire elephant
 22008 | Lair:8   | Killed a dire elephant
 22072 | Lair:8   | Noticed a dire elephant
 22075 | Lair:8   | Killed a dire elephant
 22075 | Lair:8   | Reached XP level 14. HP: 98/129 MP: 13/13
 22278 | Lair:8   | Reached skill level 15 in Maces & Flails
 22348 | Lair:8   | Got a pitted silver amulet
 22612 | Lair:6   | Received a gift from Trog
 23012 | Orc:1    | Entered Level 1 of the Orcish Mines
 23505 | Orc:2    | Entered Level 2 of the Orcish Mines
 23767 | Orc:2    | Found a staircase to the Elven Halls.
 23815 | Elf:1    | Entered Level 1 of the Elven Halls
 23815 | Elf:1    | Noticed Aizul
 24265 | Orc:2    | Received a gift from Trog
 25324 | Orc:1    | Noticed Maud
 25363 | Orc:1    | Killed Maud
 25938 | Orc:2    | Received a gift from Trog
 25938 | Orc:2    | Reached skill level 16 in Maces & Flails
 26479 | D:12     | Reached skill level 15 in Dodging
 26812 | D:12     | Received a gift from Trog
 27410 | Orc:2    | Found Tak Zuu's Food Boutique.
 27413 | Orc:2    | Found Uzebamumm's Magic Scroll Shop.
 27414 | Orc:2    | Found Eshrolow's Antique Armour Boutique.
 27415 | Orc:2    | Found Xerchequle's Magic Scroll Boutique.
 27419 | Orc:2    | Bought a scroll of holy word for 90 gold pieces
 27419 | Orc:2    | Bought a scroll of noise for 12 gold pieces
 27419 | Orc:2    | Bought a scroll of fear for 42 gold pieces
 27419 | Orc:2    | Bought a scroll of blinking for 90 gold pieces
 27419 | Orc:2    | Bought a scroll of identify for 24 gold pieces
 27419 | Orc:2    | Bought a scroll of identify for 24 gold pieces
 27419 | Orc:2    | Bought a scroll of blinking for 90 gold pieces
 27419 | Orc:2    | Bought a scroll of teleportation for 36 gold pieces
 27423 | Orc:2    | Bought a scroll of vulnerability for 90 gold pieces
 27423 | Orc:2    | Bought a scroll of enchant weapon for 90 gold pieces
 27423 | Orc:2    | Bought a scroll of magic mapping for 42 gold pieces
 27423 | Orc:2    | Bought a scroll of identify for 24 gold pieces
 27432 | Orc:2    | Identified the amulet "Magyaru" {Gourm rF+ rC+ MP+9} (You found it on level 8 of the Lair of Beasts)
 28657 | D:10     | Killed Malvoorn's ghost
 29044 | D:13     | Got a twitching copper ring
 29116 | D:13     | Received a gift from Trog
 29116 | D:13     | Reached XP level 15. HP: 138/138 MP: 14/14
 29368 | D:13     | Reached skill level 1 in Evocations
 29833 | D:14     | Noticed Nessos
 29839 | D:14     | Killed Nessos
 29934 | D:14     | Noticed simples's ghost (journeyman MiFi)
 29981 | D:14     | Killed simples's ghost
 30778 | D:14     | Received a gift from Trog
 30819 | D:14     | Found a gate to the Vaults.
 31443 | D:15     | Entered Level 15 of the Dungeon
 31502 | D:15     | Found a staircase to the Depths.
 31502 | D:15     | Noticed a fire giant
 31573 | D:13     | Identified the cursed ring "Rug Xacu" {Fragile AC-4 Dex+5} (You found it on level 13 of the Dungeon)
 31783 | Shoals:1 | Entered Level 1 of the Shoals
 33067 | Shoals:1 | Found a deep blue altar of Sif Muna.
 33308 | Shoals:1 | Received a gift from Trog
 33807 | Shoals:2 | Noticed a kraken
 33830 | Shoals:1 | Reached skill level 10 in Shields
 34018 | Shoals:2 | Noticed Polyphemus
 34079 | Shoals:2 | Noticed Roxanne
 34179 | Shoals:2 | Noticed Nikola
 34601 | Shoals:2 | Noticed Jorgrun
 34614 | Shoals:2 | Reached skill level 17 in Maces & Flails
 34620 | Shoals:2 | Killed Polyphemus
 34632 | Shoals:2 | HP: 6/139 [snapping turtle (21)]
 34641 | Shoals:2 | Drowned by a drowned soul

Skill      XL: |  1  2  3  4  5  6  7  8  9 10 11 12 13 14 15 |
---------------+----------------------------------------------+-----
Maces & Flails | 4 5 6 7 9 10 11 13 14 16 17 | 17.0
Fighting       | 4 5 6 7 8 9 11 12 13 14 | 14.7
Dodging        | 3 4 6 7 8 10 11 12 14 15 16 | 16.1
Slings         | 1 2 3 4 5 6 |  6.3
Armour         | 3 4 5 6 7 |  7.2
Stealth        | 1 2 3 4 5 6 8 |  8.0
Shields        | 1 3 5 6 7 8 10 | 10.2
Throwing       | 1 2 3 |  3.5
Evocations     | 4 |  4.1
Axes           | |  0.2

Action                   |  1- 3 |  4- 6 |  7- 9 | 10-12 | 13-15 || total
-------------------------+-------+-------+-------+-------+-------++-------
Melee: Mace              |    58 |    72 |   257 |   608 |       ||   995
       Headbutt          |     6 |    11 |    50 |   234 |   499 ||   800
       Hand axe          |       |       |     3 |       |       ||     3
       Dire flail        |       |       |       |   315 |   135 ||   450
       Flail             |       |       |       |       |  1391 ||  1391
 Fire: Hunting sling     |    17 |     3 |     9 |     8 |       ||    37
       Greatsling        |       |       |       |    10 |    76 ||    86
Throw: Stone             |     7 |       |     2 |    75 |    38 ||   122
       Tomahawk          |       |       |       |       |     7 ||     7
Invok: Berserk           |     1 |     3 |     5 |    12 |    42 ||    63
       Trog's Hand       |       |       |     1 |     2 |     4 ||     7
       Brothers in Arms  |       |       |       |     1 |     6 ||     7
       Burn Spellbooks   |       |       |       |       |     1 ||     1
Evoke: Wand              |       |       |       |       |     1 ||     1
  Use: Scroll            |       |     3 |     2 |     7 |    24 ||    36
       Potion            |       |       |       |     2 |     3 ||     5
 Stab: Sleeping          |       |       |     5 |    15 |    22 ||    42
       Distracted        |       |       |       |     1 |     2 ||     3
       Petrified         |       |       |       |       |     1 ||     1
  Eat: Chunk             |     4 |     5 |    12 |    42 |    89 ||   152
       Bread ration      |       |     1 |     1 |       |     2 ||     4
       Beef jerky        |       |       |       |     1 |     2 ||     3
Armor: Animal skin       |     8 |       |       |       |       ||     8
       Leather armour    |     3 |    16 |    50 |   157 |    44 ||   270
       Robe              |       |       |       |       |    68 ||    68
       Troll hide        |       |       |       |       |     2 ||     2
Dodge: Dodged            |    46 |    47 |   175 |   609 |   949 ||  1826
Block: Buckler           |       |       |     8 |   227 |   592 ||   827
       Other             |       |       |     8 |    32 |    18 ||    58
       Reflection        |       |       |       |     4 |    33 ||    37
